 Dungeon Crawl Stone Soup version 0.31-a0-868-g674d60d6f7 (webtiles) character file.

Game seed: 2974857656213667881

357 GigaChad the Chopper (level 6, -1/48 HPs) *EXPLORE*
             Began as a Formicid Fighter on Oct 11, 2023.
             Succumbed to an orc's curare-tipped dart
             ... on level 5 of the Dungeon.
             The game lasted 00:04:39 (3327 turns).

GigaChad the Chopper (Formicid Fighter)             Turns: 3327, Time: 00:04:41

Health: -1/48      AC:  9    Str: 22    XL:     6   Next: 96%
Magic:  6/6        EV:  8    Int:  8    God:
Gold:   251        SH:  6    Dex: 13    Spells: 5/5 levels left

rFire   . . .        a - +0 war axe
rCold   . . .        c - +1 buckler
rNeg    . . .        j - +0 chain mail
rPois   .            (helmet unavailable)
rElec   .            (no cloak)
rCorr   .            (no gloves)
SInv    +            (no boots)
Will    .....        (no amulet) Stlth
                     (no ring)
HPRegen 0.28/turn    (no ring)
MPRegen 0.10/turn

%: no passive effects
@: lethally poisoned (-1 -> -3)
A: permanent stasis, dig shafts and tunnels, antennae 3, four strong arms
a: Dig, Shaft Self


You were on level 5 of the Dungeon.
You visited 1 branch of the dungeon, and saw 5 of its levels.

You collected 251 gold pieces.

Inventory:

Hand Weapons
 a - a +0 war axe (weapon)
 p - the +8 hand cannon of the Usurping Enemy {flame, rC+ Int+4}
   (You found it on level 3 of the Dungeon)

   Int+4:     It affects your intelligence (+4).
   rC+:       It protects you from cold.
Armour
 c - a +1 buckler (worn)
 j - a +0 chain mail (worn)
Jewellery
 k - an amulet of guardian spirit
Wands
 g - a wand of mindburst (8)
Scrolls
 b - 3 scrolls of immolation
 f - 5 scrolls of poison
 q - a scroll of revelation {unknown}
 r - a scroll of identify
 s - a scroll of enchant armour
Potions
 d - a potion of might
 e - a potion of enlightenment {unknown}
 h - 2 potions of curing {unknown}
 i - a potion of lignification {unknown}
 l - a potion of cancellation {unknown}
 m - 3 potions of attraction {unknown}
 n - 3 potions of mutation {unknown}
 o - a potion of ambrosia {unknown}
 t - a potion of degeneration {unknown}


   Skills:
 * Level 4.1 Fighting
 * Level 5.1 Axes
 * Level 1.1 Ranged Weapons
 * Level 4.4 Armour
 + Level 0.2 Dodging
 * Level 5.0 Shields


You had 5 spell levels left.
You didn't know any spells.
Your spell library contained the following spells:

 Spells                   Type           Power      Damage    Failure   Level
 Summon Small Mammal      Summ           0%         N/A       97%         1
 Call Canine Familiar     Summ           0%         N/A       100%        3
 Dazzling Flash           Conj/Hex       0%         N/A       100%        3
 Summon Guardian Golem    Hex/Summ       0%         N/A       100%        3
 Volatile Blastmotes      Fire/Tloc      0%         2d10      100%        3
 Starburst                Conj/Fire      0%         6d3       100%        6
 Maxwell's Capacitive Co  Air            0%         ∞         100%        8


Dungeon Overview and Level Annotations

Branches:
Dungeon (5/15)
 Temple: D:4-7

Altars:
Hepliaklqana

Shops:
D:4 [


Innate Abilities, Weirdness & Mutations

You cannot be hasted, slowed, berserked, paralysed or teleported.
You can dig through walls and to a lower floor.
You have a pair of large antennae on your head. (SInv)
Your four strong arms can wield two-handed weapons with a shield.


Message History

Unknown command.
You are too injured to fight recklessly!
You are too injured to fight recklessly!
You are too injured to fight recklessly!
Unknown command.
You are too injured to fight recklessly!
You are too injured to fight recklessly!
Unknown command.
You feel very sick. The orc wizard casts a spell at you.
The magic dart hits you!
* * * LOW HITPOINT WARNING * * *
* * * LOW HITPOINT WARNING * * *
You feel very sick.
The orc wizard hits you with a +0 dagger.
* * * LOW HITPOINT WARNING * * *
* * * LOW HITPOINT WARNING * * *
You feel sick.
The orc wizard hits you but does no damage.
You shoot a bolt. The bolt hits the orc wizard.
The bolt burns the orc wizard.
The orc wizard is lightly wounded.
* * * LOW HITPOINT WARNING * * *
You feel very sick.
The orc wizard gestures at you while chanting.
You resist with some effort.
The orc wizard hits you but does no damage.
The +8 hand cannon of the Usurping Enemy {flame, rC+ Int+4} stops flaming.
a - a +0 war axe (weapon)
* * * LOW HITPOINT WARNING * * *
You feel sick.
You completely miss the orc wizard.
The orc wizard is lightly wounded.
* * * LOW HITPOINT WARNING * * *
You feel sick.
The orc wizard hits you with a +0 dagger.
* * * LOW HITPOINT WARNING * * *
The orc wizard hits you but does no damage.
You closely miss the orc wizard.
The orc wizard is lightly wounded.
You die...

#.## { { { ..#####
###..... . #.#..#.#
##.. #....#.#
##...#
#..#...##...#
#.###.....#
..##.###..##.....##
#.....$@..####.#..#
#####..o....##..#.#
##).....#...# #
...##.......# #.##
#......)... #..
#...†.#...... #.
#.............# ..
......##.......#
.....# #...####


You could see an orc wizard.

Vanquished Creatures
  3 orc priests
  An iguana (D:4)
  Ijyb (D:3)
  2 orc wizards
  6 adders
  2 worms (D:2)
  A dart slug (D:1)
  8 orcs
  5 endoplasms
  5 giant cockroaches
  11 hobgoblins
  7 jackals
  6 quokkas
  9 ball pythons
  6 bats
  2 frilled lizards
  11 goblins
  4 kobolds
  6 rats
96 creatures vanquished.

Notes
Turn   | Place    | Note
-------+----------+-------------------------------------------
     0 | D:1      | GigaChad the Formicid Fighter began the quest for the Orb.
     0 | D:1      | Reached XP level 1. HP: 18/18 MP: 1/1
    11 | D:1      | Entered explore mode.
   132 | D:1      | Reached XP level 2. HP: 24/24 MP: 2/2
   516 | D:1      | Reached XP level 3. HP: 26/29 MP: 3/3
   949 | D:2      | Noticed a floating eye
   951 | D:2      | Found a faded altar of an unknown god.
   953 | D:2      | Noticed a floating eye
   953 | D:2      | Noticed an eye of devastation
   953 | D:2      | Noticed a shining eye
  1169 | D:2      | Reached XP level 4. HP: 34/35 MP: 4/4
  1902 | D:3      | Reached XP level 5. HP: 40/41 MP: 5/5
  1945 | D:3      | Noticed Ijyb
  1956 | D:3      | Blown up by Ijyb (12 damage)
                  | ... with a mindburst bolt
  1959 | D:3      | Killed Ijyb
  2036 | D:3      | Identified the +8 hand cannon of the Usurping Enemy {flame,
                  | rC+ Int+4}
  2603 | D:3      | Reached XP level 6. HP: 9/48 MP: 6/6
  2963 | D:4      | Reached skill level 5 in Axes
  3085 | D:4      | Found a hazy altar of Hepliaklqana.
  3126 | D:4      | Reached skill level 5 in Shields
  3182 | D:4      | Found Qitat's Armour Emporium.
  3299 | D:5      | Entered Level 5 of the Dungeon
  3301 | D:5      | Reached skill level 1 in Ranged Weapons
  3325 | D:5      | HP: 2/48 [poisoned by an orc (curare-tipped dart)]
  3327 | D:5      | Succumbed to an orc's curare-tipped dart

Illustrated notes

Levels and vault maps discovered:
D:1:      noname_arrival_rooms_in_the_neighbourhood, layout_basic,
          minmay_stone_trees_medium
D:2:      layout_basic, hellmonk_ecumenical_altar_watching_god
D:3:      kennysheep_goblin_castle, layout_loops_cross, minivault_23,
          amcnicky_mini_rare_corridor_liquid
D:4:      layout_rooms, nicolae_hepliaklqana_hazy_memory, serial_shops,
          nicolae_shop_pleasant_corner_grove
D:5:      layout_rooms, lemuel_mausoleum_altar_yredelemnul,
          minmay_misc_feat_tower, uniq_ijyb

Skill      XL: |  1  2  3  4  5  6 |
---------------+-------------------+-----
Axes           | 3 4 5 |  5.1
Armour         | 4 |  4.4
Fighting       | 4 |  4.1
Shields        | 5 |  5.0
Ranged Weapons | 1 |  1.1
Dodging        | |  0.2

Action                     |  1- 3 |  4- 6 || total
---------------------------+-------+-------++-------
  Melee: War axe           |    97 |    71 ||   168
   Fire: Hand cannon       |       |    48 ||    48
    Use: Scroll            |     2 |     2 ||     4
 Armour: Scale mail        |    12 |       ||    12
         Chain mail        |    55 |   105 ||   160
  Dodge: Dodged            |    31 |    47 ||    78
  Block: Buckler           |    28 |    48 ||    76

Table legend: (Time is in decaauts)
 A = Elapsed time spent in this place.
 B = Non-inter-level travel time spent in this place.
 C = Inter-level travel time spent in this place.
 D = Time resting spent in this place.
 E = Time spent auto-exploring this place.
 F = Levels seen in this place.
 G = Mean time per level.
                   A        B        C        D        E       F      G
               +--------+--------+--------+--------+--------+-----+--------+
         Total |   3447 |   3287 |    160 |    431 |   2209 |   5 |  689.4 |
       Dungeon |   3447 |   3287 |    160 |    431 |   2209 |   5 |  689.4 |
               +--------+--------+--------+--------+--------+-----+--------+

Top non-repeatable levels by time:
     D:3: 1306 daAuts
     D:1: 917 daAuts
     D:2: 789 daAuts
     D:4: 397 daAuts
     D:5: 36 daAuts
